AoeStats
← Winning here (!)

MegaRandom

504023450Analyzed
4v4 RM · 1mo ago on Sep 3, 2026· 77m 8s· 8 players
Game mode
Random Map
Map size
Large (8 player)
Population
200
Speed
Normal
Resources
Standard
Victory
Conquest
Starting age
Dark Age
Ending age
Imperial Age
RankedLock teamsTeams togetherTeam positionsShared explorationLock speedFull tech treeHidden civsTurbo modeCheats
Victory
Defeat
🇹🇼 Poles · Taiwan
759
+21
🇪🇸 Mongols · Spain
738
+22
🇨🇴 Romans · Colombia
679
+24
🇬🇧 Portuguese · United Kingdom
649
+25
🇹🇼 Japanese · Taiwan
892
-24
🇹🇼 Vietnamese · Taiwan
890
-24
🇹🇼 Aztecs · Taiwan
873
-23
🇹🇼 Hindustanis · Taiwan
810
-21
噴射大肉G
8:59 Loom
11:28 Feudal Age
17:20 Bloodlines
25:02 Horse Collar
27:34 Castle Age
25:30 Gold Mining
26:45 Scale Barding Armor
26:51 Forging
28:31 Husbandry
28:57 Chain Barding Armor
36:10 Iron Casting
37:10 Murder Holes
38:48 Szlachta Privileges
39:22 Scale Mail Armor
39:13 Fletching
39:43 Heavy Plow
41:22 Chain Mail Armor
41:33 Squires
42:50 Town Watch
43:40 Wheelbarrow
43:30 Bodkin Arrow
43:21 Treadmill Crane
43:53 Masonry
47:47 Imperial Age
48:02 Elite Obuch
49:03 Conscription
51:28 Blast Furnace
50:59 Plate Mail Armor
53:10 Chemistry
54:03 Arson
58:11 Crop Rotation
58:47 Siege Engineers
58:31 Arrowslits
59:08 Ballistics
58:51 Bracer
64:58 Town Patrol
65:13 Hand Cart
73:57 Siege Engineers
73:55 Padded Archer Armor
74:34 Hoardings
76:43 Spies/Treason
NEGRONE2280
4:23 Loom
11:06 Feudal Age
12:25 Wheelbarrow
11:40 Double-Bit Axe
13:08 Horse Collar
14:52 Gold Mining
16:14 Man-at-Arms
17:19 Stone Mining
22:06 Forging
28:05 Town Watch
28:27 Padded Archer Armor
ViejoKubata
0:29 Loom
16:23 Feudal Age
21:25 Castle Age
19:33 Gold Mining
19:27 Horse Collar
19:37 Double-Bit Axe
20:08 Stone Mining
24:04 Heavy Plow
25:45 Gold Shaft Mining
26:40 Stone Shaft Mining
25:54 Town Watch
27:12 Wheelbarrow
27:19 Bow Saw
29:27 Hand Cart
31:22 Town Patrol
31:33 Murder Holes
36:32 Imperial Age
35:40 Ballistics
36:09 Thumb Ring
36:01 Fletching
35:43 Light Cavalry
36:34 Bloodlines
36:25 Husbandry
36:29 Padded Archer Armor
36:41 Forging
37:10 Hussar
38:25 Bodkin Arrow
37:53 Elite Skirmisher
39:06 Parthian Tactics
39:46 Conscription
39:37 Bracer
41:19 Elite Mangudai
46:57 Iron Casting
46:38 Leather Archer Armor
46:29 Scale Barding Armor
49:22 Blast Furnace
50:36 Chain Barding Armor
Winning here (!)
11:58 Feudal Age
12:28 Loom
13:31 Horse Collar
13:39 Double-Bit Axe
17:38 Wheelbarrow
23:12 Castle Age
23:05 Gold Mining
23:09 Stone Mining
24:09 Bow Saw
24:21 Hand Cart
26:38 Fletching
30:23 Imperial Age
33:47 Bodkin Arrow
44:02 Bracer
44:08 Scale Barding Armor
44:14 Forging
46:03 Cavalier
46:56 Bloodlines
46:46 Husbandry
48:12 Chain Barding Armor
48:28 Iron Casting
51:20 Plate Barding Armor
51:46 Blast Furnace
54:05 Two-Man Saw
72:03 Chemistry
71:24 Ballistics
70:48 Treadmill Crane
TEN
7:54 Loom
10:27 Feudal Age
14:54 Double-Bit Axe
24:16 Castle Age
23:44 Gold Mining
25:27 Scale Mail Armor
27:21 Bow Saw
32:03 Stone Mining
32:57 Chain Mail Armor
32:11 Pikeman
40:07 Imperial Age
39:46 Husbandry
40:49 Bloodlines
41:44 Heavy Camel Rider
43:34 Chemistry
45:16 Squires
60:10 Two-Man Saw
60:21 Wheelbarrow
61:31 Stone Shaft Mining
king517670
5:52 Loom
8:14 Loom
11:11 Feudal Age
12:30 Wheelbarrow
12:18 Double-Bit Axe
12:22 Fishing Lines
14:27 Gold Mining
19:07 Castle Age
19:44 Pikeman
20:47 Caravan
23:46 Horse Collar
26:47 Heavy Plow
31:01 Squires
40:35 Husbandry
40:46 Bloodlines
53:23 Fletching
56:03 Thumb Ring
56:12 Thumb Ring
56:10 Bodkin Arrow
57:30 Padded Archer Armor
59:44 Gillnets
64:00 Imperial Age
炸雞勇者
1:27 Loom
11:17 Feudal Age
13:10 Arson
16:05 Forging
24:27 Castle Age
23:00 Double-Bit Axe
24:49 Eagle Warrior
28:19 Squires
30:18 Gold Mining
32:14 Iron Casting
31:40 Scale Mail Armor
33:21 Wheelbarrow
34:06 Gold Shaft Mining
34:31 Sanctity
34:23 Fervor
36:07 Redemption
42:22 Chain Mail Armor
44:40 Imperial Age
45:16 Elite Jaguar Warrior
46:17 Conscription
46:19 Garland Wars
46:32 Hand Cart
45:59 Elite Eagle Warrior
69:19 Pikeman
戳戳吸毒包
5:19 Loom
9:46 Feudal Age
10:19 Double-Bit Axe
14:51 Gold Mining
14:53 Stone Mining
15:13 Fishing Lines
16:17 Arson
24:25 Castle Age
25:35 Gillnets
26:24 Ballistics
26:59 Murder Holes
26:55 Guard Tower
28:28 Fletching
28:20 Treadmill Crane
29:45 Scale Barding Armor
30:41 Masonry
30:38 Bodkin Arrow
32:00 Bloodlines
32:37 Husbandry
33:20 Town Watch
43:38 Imperial Age
43:10 Forging
51:26 Theocracy
59:19 Yasama
59:41 Conscription
64:54 Elite Samurai
67:55 Pikeman
68:36 Squires
75:53 Fervor
Connection lost

Rejoining the realm…

Still unreachable

The connection could not be restored.

Session expired

The server has moved on; the page needs a fresh start.